 Dungeon Crawl Stone Soup version 0.25-a0-804-g50c693f418 (webtiles) character file.

Game seed: 12100135912840072021, levelgen mode: deterministic

3188 Esekla the Poker (level 9, -5/48 HPs)
             Began as a Tengu Venom Mage on Apr 19, 2020.
             Was a Believer of Vehumet.
             Slain by a yak (15 damage)
             ... on level 7 of the Dungeon.
             The game lasted 01:23:51 (8044 turns).

Esekla the Poker (Tengu Venom Mage)                 Turns: 8044, Time: 01:23:51

Health: -5/48      AC: 15    Str: 10    XL:     9   Next: 95%
Magic:  6/20       EV: 14    Int: 18    God:    Vehumet [**....]
Gold:   393        SH:  0    Dex: 14    Spells: 9/22 levels left

rFire    + . .     SeeInvis .   x - +1 trident (protect)
rCold    + . .     Gourm    .   (no shield)
rNeg     . . .     Faith    .   H - +3 leather armour {rC+}
rPois    .         Spirit   .   (helmet restricted)
rElec    .         Reflect  .   r - +0 cloak
rCorr    .         Harm     .   m - +0 pair of gloves
MR       .....                  (boots unavailable)
Stlth    ++........             (no amulet)
HPRegen  0.16/turn              f - ring of protection from fire
MPRegen  0.17/turn              (no ring)

@: protection aura, very slightly contaminated, studying Polearms
A: beak, talons 3, able to fly
a: Fly, Renounce Religion


You were on level 7 of the Dungeon.
You worshipped Vehumet.
Vehumet was pleased with you.
You were very hungry.

You visited 2 branches of the dungeon, and saw 9 of its levels.
You also visited: Sewer.

You collected 393 gold pieces.

Inventory:

Hand Weapons
 u - a +1 dagger of electrocution
 x - a +1 trident of protection (weapon)
 z - a +0 long sword
 G - a +1 dagger of holy wrath
Missiles
 e - 56 poisoned darts (quivered)
 I - 5 boomerangs
Armour
 m - a +0 pair of gloves (worn)
 p - a +0 buckler
 r - a +0 cloak (worn)
 t - a +2 scale mail of poison resistance
 H - a +3 leather armour of cold resistance (worn)
Jewellery
 a - an uncursed ring of poison resistance {unknown}
 f - a ring of protection from fire (left hand)
 B - an uncursed ring of magical power
Wands
 d - a wand of digging (6)
 s - a wand of paralysis (5)
 y - a wand of polymorph (7)
 D - a wand of flame (18)
 J - a wand of iceblast (10)
Scrolls
 g - 5 scrolls of teleportation
 j - 4 scrolls of blinking {unknown}
 k - 2 scrolls of fog {unknown}
 n - a scroll of random uselessness {unknown}
 v - a scroll of noise {unknown}
 w - 5 scrolls of enchant armour {unknown}
 A - a scroll of fear
 F - 2 scrolls of remove curse
Potions
 h - 5 potions of curing
 i - a potion of magic {unknown}
 l - a potion of mutation {unknown}
 o - 2 potions of brilliance
 q - a potion of resistance {unknown}
 C - a potion of invisibility {unknown}
Books
 b - a manual of Polearms
Comestibles
 c - 8 rations


   Skills:
 + Level 1.6 Fighting
 + Level 2.8 Short Blades
 * Level 7.5 Polearms
 + Level 4.2 Armour
 * Level 5.4 Dodging
 - Level 2.0 Stealth
 * Level 7.0 Spellcasting
 + Level 4.1 Conjurations
 * Level 4.4 Summonings
 + Level 0.7 Transmutations
 * Level 2.0 Fire Magic
 - Level 4.3 Air Magic
 + Level 4.3 Poison Magic


You had 9 spell levels left.
You knew the following spells:

 Your Spells              Type           Power        Failure   Level  Hunger
a - Sting                 Tmut/Pois      ###.         4%          1    None
b - Ignite Poison         Fire/Tmut/Pois ##......     16%         3    ##.....
c - Mephitic Cloud        Conj/Pois/Air  ###.....     8%          3    ##.....
e - Summon Lightning Spi  Summ/Air       ###.....     22%         4    ####...
v - Poisonous Vapours     Pois/Air       ###...       3%          2    None

Your spell library contained the following spells:

 Spells                   Type           Power        Failure   Level  Hunger
 Freeze                   Ice            #...         14%         1    None
 Summon Small Mammal      Summ           ###.         2%          1    None
 Call Imp                 Summ           ###.....     3%          2    None
 Call Canine Familiar     Summ           ###.....     7%          3    ##.....
 Summon Guardian Golem    Hex/Summ       ##......     17%         3    ##.....
 Olgreb's Toxic Radiance  Pois           ###.....     24%         4    ####...
 Summon Ice Beast         Ice/Summ       ##......     50%         4    ####...


Dungeon Overview and Level Annotations

Branches:
Dungeon (8/15)             Temple (1/1) D:5           Sewer (visited)
   Lair: D:8-11

Altars:
Ashenzari
Cheibriados
Dithmenos
Elyvilon
Fedhas
Gozag
Hepliaklqana
Makhleb
Ru
Trog
Uskayaw
Vehumet
Wu Jian
Xom
Yredelemnul
Zin
The Shining One


Innate Abilities, Weirdness & Mutations

You have a beak for a mouth.
You have claws for feet.
You can fly continuously.


Message History

Vehumet accepts your kill.
Your Spellcasting skill increases to level 7!
Your Fire Magic skill increases to level 2!
Your lightning spire shoots out a bolt of lightning at the yak!
The bolt of electricity hits the yak! x2
You closely miss the yak.
The yak is heavily wounded.
The yak gores you.
Casting: Summon Lightning Spire (dangerous; 22% risk of failure)
Confirm with . or Enter, or press ? or * to list all spells.
Aiming: Poisonous Vapours (safe; 3% risk of failure)
Press: ? - help, Dir - move target cursor, f - yak
Aim: a yak (heavily wounded) Poisonous vapours surround the yak!
The yak is poisoned.
The yak gores you!
* * * LOW HITPOINT WARNING * * *
You hit the yak. Your kick misses the yak.
The yak is severely wounded.
The yak is engulfed in poison gas.
The yak looks even sicker.
The yak gores you!
You die...

##### ###. # ###..Y.
...### #(##....####
###.... #....YY.....
....... #.##### ##.....
#.....# ....... #####.#
#.
######Y################.
.......8@................
.######.#.##.)...########
#.#.#)........)....
#.#.#.........#####
#.#.....).....####.
..#[............###
..#[###.......#.... ..#.#
#...######### #)# #...#


You could see a yak and a friendly lightning spire.

Vanquished Creatures
  Prince Ribbit (D:7)
  Eustachio (D:6)
  A yak (D:7)
  Edmund (D:5)
  4 ogres
  3 orc warriors (D:7)
  2 black bears (D:6)
  A sky beast (D:6)
  An eye of draining (D:6)
  3 centaurs
  2 big kobolds (D:7)
  A wight (D:7)
  3 crimson imps
  2 jellies (D:6)
  2 orc priests
  A bullfrog skeleton (D:8)
  3 hounds
  5 orc wizards
  2 iguanas
  2 worker ants
  A hound skeleton (D:4)
  A worker ant zombie (D:5)
  4 gnolls (D:4)
  18 adders
  3 shadow imps
  6 oozes
  An adder zombie (D:6)
  6 worms
  A dart slug (D:2)
  7 leopard geckos
  19 orcs
  14 bats
  7 giant cockroaches
  10 goblins
  8 hobgoblins
  15 jackals
  2 quokkas
  3 ball pythons (Sewer)
  6 frilled lizards
  16 kobolds
  A leopard gecko skeleton (D:6)
  A quokka zombie (D:7)
  12 rats
203 creatures vanquished.

Vanquished Creatures (collateral kills)
  A yak (D:7)
  2 wights (D:7)
  An orc wizard (D:7)
  3 kobolds (D:7)
7 creatures vanquished.

Grand Total: 210 creatures vanquished

Notes
Turn   | Place    | Note
-------+----------+-------------------------------------------
     0 | D:1      | Esekla the Tengu Venom Mage began the quest for the Orb.
     0 | D:1      | Reached XP level 1. HP: 10/10 MP: 4/4
   235 | D:1      | Reached XP level 2. HP: 15/15 MP: 3/6
   304 | D:1      | Learned a level 2 spell: Poisonous Vapours
   763 | D:2      | Reached XP level 3. HP: 15/19 MP: 2/8
   839 | D:2      | Found a hide-covered altar of Uskayaw.
  1186 | D:2      | Reached skill level 1 in Armour
  1195 | D:2      | Reached XP level 4. HP: 20/24 MP: 1/9
  1207 | D:2      | Reached skill level 1 in Air Magic
  1300 | D:2      | Learned a level 3 spell: Mephitic Cloud
  2028 | D:3      | Gained mutation: You can fly continuously. [Tengu growth]
  2028 | D:3      | Reached XP level 5. HP: 26/28 MP: 2/10
  2080 | D:3      | Found a glowing drain.
  2106 | Sewer    | Entered a sewer
  2212 | Sewer    | Reached skill level 1 in Conjurations
  2637 | Sewer    | Reached skill level 1 in Short Blades
  3225 | D:3      | Reached XP level 6. HP: 30/33 MP: 9/12
  3562 | D:3      | Found a snail-covered altar of Cheibriados.
  3573 | D:3      | Found a white marble altar of Elyvilon.
  3609 | D:3      | Found a hazy altar of Hepliaklqana.
  3628 | D:3      | Found a sacrificial altar of Ru.
  3914 | D:3      | Became a worshipper of Elyvilon the Healer
  4002 | D:4      | Reached XP level 7. HP: 32/37 MP: 9/14
  4152 | D:4      | Found an opulent altar of Gozag.
  4214 | D:4      | Learned a level 4 spell: Summon Lightning Spire
  4403 | D:5      | Entered Level 5 of the Dungeon
  4459 | D:5      | Reached skill level 1 in Summonings
  4618 | D:5      | Reached * piety under Elyvilon
  4723 | D:5      | Found a staircase to the Ecumenical Temple.
  4812 | Temple   | Entered the Ecumenical Temple
  4871 | Temple   | Fell from the grace of Elyvilon
  4871 | Temple   | Became a worshipper of Vehumet
  4910 | D:5      | Reached skill level 1 in Fighting
  4910 | D:5      | Reached XP level 8. HP: 30/43 MP: 12/16
  4968 | D:5      | Paralysed by an orc for 2 turns
  5077 | D:6      | Reached skill level 1 in Polearms
  5077 | D:6      | Reached skill level 5 in Spellcasting
  5437 | D:6      | Noticed Edmund
  5467 | D:5      | Killed Edmund
  5915 | D:6      | Found a bloodstained altar of Trog.
  5965 | D:6      | Learned a level 3 spell: Ignite Poison
  6003 | D:6      | Noticed Eustachio
  6017 | D:6      | Killed Eustachio
  6017 | D:6      | Reached XP level 9. HP: 47/47 MP: 11/18
  6210 | D:6      | Reached * piety under Vehumet
  6210 | D:6      | Offered knowledge of Magic Dart by Vehumet.
  6515 | D:7      | Noticed Prince Ribbit
  6651 | D:7      | Reached skill level 5 in Polearms
  6900 | D:7      | Found a blossoming altar of Fedhas.
  6978 | D:7      | Reached skill level 5 in Dodging
  7413 | D:7      | Killed Prince Ribbit
  7413 | D:7      | Reached skill level 1 in Fire Magic
  7572 | D:8      | Offered knowledge of Freeze by Vehumet.
  7730 | D:8      | Reached ** piety under Vehumet
  8044 | D:7      | Slain by a yak

Levels and vault maps discovered:
D:1:      dpeg_arrival_connections, layout_rooms, hangedman_glass_garden
D:2:      layout_basic, old_standard_altar, minmay_pentomino_pile
D:3:      minmay_inner_zag, layout_rooms, grunt_temple_overflow_cloverleaf,
          gup_sewer_entry_spiral
D:4:      layout_rooms, nicolae_gozag_cash_rules_everything_around_me,
          minmay_manual_mares
D:5:      layout_rooms, minmay_temple_entry_tees, first_ration
D:6:      layout_gridville, trog_ov_bears_minmay, uniq_eustachio, uniq_edmund
D:7:      layout_basic, fedhas_bush_and_centaur_altar, patterned_corridor,
          uniq_prince_ribbit1
D:8:      layout_rooms, lemuel_round_altar, gammafunk_temple_overflow_claw,
          hangedman_pestilent_swarm
Temple:   chequers_temple_sunken

Skill      XL: |  1  2  3  4  5  6  7  8  9 |
---------------+----------------------------+-----
Spellcasting   | 3 4 5 7 |  7.0
Armour         | 1 2 3 4 |  4.2
Dodging        | 3 4 5 |  5.4
Air Magic      | 2 3 4 |  4.3
Conjurations   | 1 2 3 4 |  4.1
Short Blades   | 1 2 |  2.8
Summonings     | 1 3 4 |  4.4
Fighting       | 1 |  1.6
Polearms       | 4 7 |  7.5
Fire Magic     | 2 |  2.0
Poison Magic   | 4 |  4.3
Stealth        | |  2.0
Transmutations | |  0.7

Action                   |  1- 3 |  4- 6 |  7- 9 || total
-------------------------+-------+-------+-------++-------
Melee: Short sword       |    43 |       |       ||    43
       Peck              |     7 |    15 |    28 ||    50
       Kick              |     6 |    31 |    52 ||    89
       Dagger            |     8 |   132 |    76 ||   216
       Trident           |       |       |   198 ||   198
Throw: Dart              |     3 |    12 |     7 ||    22
 Cast: Sting             |    15 |       |       ||    15
       Poisonous Vapours |    16 |    54 |    91 ||   161
       Mephitic Cloud    |       |       |     4 ||     4
       Summon Lightning  |       |       |     7 ||     7
 Abil: Fly               |       |     2 |       ||     2
       Stop Flying       |       |     2 |       ||     2
  Use: Scroll            |       |     8 |     2 ||    10
       Potion            |       |     1 |     1 ||     2
 Stab: Sleeping          |     2 |     4 |       ||     6
       Confused          |       |       |     3 ||     3
  Eat: Chunk             |     2 |    13 |    11 ||    26
       Ration            |       |       |     1 ||     1
Armor: Robe              |     5 |       |       ||     5
       Ring mail         |    12 |    72 |     9 ||    93
       Leather armour    |       |       |    57 ||    57
Dodge: Dodged            |    26 |   119 |   123 ||   268

Table legend:
 A = Non-vault XP
 B = Vault XP
 C = Vault XP percentage of total XP
 D = Non-vault monster count
 E = Vault monster count
 F = Vault count percentage of total count
                 A         B        C        D         E       F
            +---------+---------+-------+---------+---------+-------
      Total |    3169 |    1386 |  30.4 |     159 |      51 |  24.3
            +---------+---------+-------+---------+---------+-------
        D:1 |      32 |       0 |   0.0 |      19 |       0 |   0.0
        D:2 |      90 |       8 |   8.2 |      30 |       3 |   9.1
        D:3 |      60 |      90 |  60.0 |      18 |      15 |  45.5
        D:4 |     349 |     222 |  38.9 |      12 |       2 |  14.3
        D:5 |     449 |     157 |  25.9 |      16 |       1 |   5.9
        D:6 |     655 |     458 |  41.2 |      17 |       3 |  15.0
        D:7 |    1431 |     358 |  20.0 |      43 |       2 |   4.4
        D:8 |     103 |       0 |   0.0 |       4 |       0 |   0.0
      Sewer |       0 |      93 | 100.0 |       0 |      25 | 100.0
            +---------+---------+-------+---------+---------+-------
